 Dungeon Crawl Stone Soup version 0.23.2-1-ga50397a (webtiles) character file.

Game seed: 10486488460268583450

100 Fang the Skirmisher (level 4, -2/29 HPs)
             Began as a Gargoyle Berserker on May 1, 2019.
             Was a Believer of Trog.
             Slain by Grinder (5 damage)
             ... on level 3 of the Dungeon.
             The game lasted 00:02:20 (2277 turns).

Fang the Skirmisher (Gargoyle Berserker)            Turns: 2277, Time: 00:02:21

Health: -2/29      AC:  5    Str: 22    XL:     4   Next: 73%
Magic:  4/4        EV: 12    Int:  7    God:    Trog [**....]
Gold:   94         SH:  0    Dex:  9    Spells: 3/3 levels left

rFire    . . .     SeeInvis .   a - +0 hand axe
rCold    . . .     Gourm    .   (no shield)
rNeg     + . .     Faith    .   b - +0 animal skin
rPois    ∞         Spirit   .   (no helmet)
rElec    +         Reflect  .   (no cloak)
rCorr    .         Harm     .   (no gloves)
MR       ++...                  (no boots)
Stlth    +.........             (no amulet)
HPRegen  1.09/turn              (no ring)
MPRegen  0.09/turn              (no ring)

@: berserk cooldown, regenerating, slowed, very slow
A: negative energy resistance 1, electricity resistance, unbreathing,
petrification resistance, rot immunity, AC +3
a: Berserk, Trog's Hand, Renounce Religion


You were on level 3 of the Dungeon.
You worshipped Trog.
Trog was pleased with you.
You were very hungry.

You visited 1 branch of the dungeon, and saw 3 of its levels.

You collected 94 gold pieces.

Inventory:

Hand Weapons
 a - a +0 hand axe (weapon)
Armour
 b - a +0 animal skin (worn)
Scrolls
 d - 4 scrolls of teleportation {unknown}
 e - 2 scrolls of enchant armour {unknown}
 f - 3 scrolls of remove curse {unknown}
 i - 2 scrolls of blinking {unknown}
 m - a scroll of identify {unknown}
Potions
 g - a potion of curing {unknown}
 h - a potion of resistance {unknown}
 j - 2 potions of ambrosia {unknown}
 k - a potion of might {unknown}
 l - a potion of mutation {unknown}
 o - a potion of agility {unknown}
Comestibles
 c - 3 rations
 n - 6 chunks of flesh


   Skills:
 + Level 4.0 Fighting
 + Level 3.3 Axes
 + Level 3.2 Armour
 + Level 2.3 Dodging


You had 3 spell levels left.
You didn't know any spells.
Your spell library was empty.

Dungeon Overview and Level Annotations

Branches:
Dungeon (3/15)

Altars:

Annotations:
D:3 Grinder


Innate Abilities, Weirdness & Mutations

You are resistant to torment.
Your stone body is resilient. (AC +3)
You are immune to poison.
You resist negative energy. (rN+)
You are resistant to electric shocks. (rElec)
You can survive without breathing.
You are immune to petrification.
You are immune to rotting.


Message History

Grinder gestures at you.
You suddenly lose the ability to move!
Grinder hits you but does no damage. x2
Grinder hits you.
* * * LOW HITPOINT WARNING * * *
Grinder hits you.
* * * LOW HITPOINT WARNING * * *
You can move again.
You slash Grinder!
Grinder is almost dead.
You are no longer berserk.
You are exhausted.
You feel yourself slow down. Grinder gestures at you.
You barely resist.
Unknown command.
Your skin crawls.
You feel resistant to hostile enchantments.
You feel somewhat more hungry. Grinder hits you.
You die...

#.######<#.###.### .#
#.#.....# #.# #.#######
... ##+## ###.. ##...##
.#....# ##.....## #
....... ##.......## ##
#.....###.........####.
#.....@5'.........+....
......#†##.........####.
####.#.####.......######
# #. ##.....###.... #.
##...####.### ..
###'##.##. # ##
#...#.#.#. #
#.###.###..### .. ##.#
#...÷


You could see Grinder.

Vanquished Creatures
  6 adders
  2 worms (D:2)
  A dart slug (D:1)
  2 leopard geckos
  An orc (D:3)
  A giant cockroach (D:2)
  A goblin (D:2)
  2 hobgoblins
  5 jackals
  2 quokkas
  2 ball pythons
  3 bats
  4 frilled lizards
  3 kobolds (D:1)
  3 rats
38 creatures vanquished.

Notes
Turn   | Place    | Note
-------+----------+-------------------------------------------
     0 | D:1      | Fang the Gargoyle Berserker began the quest for the Orb.
     0 | D:1      | Reached XP level 1. HP: 14/14 MP: 1/1
   348 | D:1      | Reached XP level 2. HP: 11/19 MP: 2/2
   679 | D:2      | Reached XP level 3. HP: 11/24 MP: 3/3
  1293 | D:2      | Reached ** piety under Trog
  1298 | D:2      | Reached XP level 4. HP: 21/29 MP: 4/4
  2197 | D:3      | Reached skill level 4 in Fighting
  2248 | D:3      | Noticed Grinder
  2252 | D:3      | Paralysed by Grinder for 7 turns
  2261 | D:3      | Paralysed by Grinder for 4 turns
  2271 | D:3      | Paralysed by Grinder for 4 turns
  2275 | D:3      | HP: 2/43 [Grinder (5)]
  2277 | D:3      | Slain by Grinder

Skill      XL: |  1  2  3  4 |
---------------+-------------+-----
Axes           | 3 |  3.3
Dodging        | 2 |  2.3
Armour         | 3 |  3.2
Fighting       | 4 |  4.0

Action                   |  1- 3 |  4- 6 || total
-------------------------+-------+-------++-------
Melee: Hand axe          |    80 |    73 ||   153
Invok: Berserk           |     1 |     2 ||     3
       Trog's Hand       |       |     1 ||     1
 Stab: Sleeping          |       |     1 ||     1
  Eat: Chunk             |     2 |     4 ||     6
Armor: Animal skin       |    39 |    20 ||    59
Dodge: Dodged            |    77 |    56 ||   133
